 Dungeon Crawl Stone Soup version 0.25-a0-458-g6fc7858b95 (webtiles) character file.

Game seed: 215888714260001371, levelgen mode: deterministic

65 Error4North the Shield-Bearer (level 4, -2/40 HPs)
             Began as a Hill Orc Fighter on Feb 2, 2020.
             Slain by Grinder (4 damage)
             ... on level 3 of the Dungeon.
             The game lasted 00:05:33 (1678 turns).

Error4North the Shield-Bearer (Hill Orc Fighter)    Turns: 1678, Time: 00:05:34

Health: -2/40      AC:  8    Str: 19    XL:     4   Next: 13%
Magic:  5/5        EV:  7    Int: 11    God:
Gold:   158        SH:  9    Dex: 10    Spells: 4/4 levels left

rFire    . . .     SeeInvis .   a - +0 war axe
rCold    . . .     Gourm    .   c - +0 shield
rNeg     . . .     Faith    .   b - +0 scale mail
rPois    +         Spirit   .   (no helmet)
rElec    .         Reflect  .   (no cloak)
rCorr    .         Harm     .   (no gloves)
MR       .....                  i - +0 pair of boots
Stlth    ..........             (no amulet)
HPRegen  0.13/turn              o - ring of poison resistance
MPRegen  0.09/turn              p - +3 ring of intelligence

@: no status effects
A: no striking features
a: no special abilities


You were on level 3 of the Dungeon.
You were not hungry.

You visited 1 branch of the dungeon, and saw 3 of its levels.

You collected 158 gold pieces.

Inventory:

Hand Weapons
 a - a +0 war axe (weapon)
Armour
 b - a +0 scale mail (worn)
 c - a +0 shield (worn)
 i - a +0 pair of boots (worn)
Jewellery
 o - a ring of poison resistance (left hand)
 p - a +3 ring of intelligence (right hand)
Scrolls
 e - 3 scrolls of teleportation {unknown}
 h - 3 scrolls of amnesia {unknown}
 j - 3 scrolls of remove curse {unknown}
 k - a scroll of fog {unknown}
 m - 7 scrolls of identify {unknown}
 s - a scroll of fear {unknown}
Potions
 d - a potion of might
 l - 2 potions of berserk rage {unknown}
 n - a potion of curing {unknown}
 q - 2 potions of brilliance {unknown}
 r - 2 potions of degeneration {unknown}
Comestibles
 f - a ration


   Skills:
 + Level 3.8 Fighting
 + Level 3.8 Axes
 * Level 3.7 Armour
 * Level 3.9 Shields
 * Level 0.7 Spellcasting


You had 4 spell levels left.
You didn't know any spells.
Your spell library was empty.

Dungeon Overview and Level Annotations

Branches:
Dungeon (3/15)

Altars:

Annotations:
D:3 Grinder


Message History

You closely miss Grinder.
Grinder is severely wounded.
Grinder blinks!
Grinder gestures at you. You resist with significant effort.
You completely miss Grinder.
Grinder is severely wounded.
Grinder says, "I used to sell toenails on the black market."
Grinder hits you.
* * * LOW HITPOINT WARNING * * *
You writhe in agony.
* * * LOW HITPOINT WARNING * * *
Grinder blinks!
Okay, then.
You closely miss Grinder.
Grinder is severely wounded.
You block Grinder's attack. Grinder hits you.
* * * LOW HITPOINT WARNING * * *
You writhe in agony.
You die...

################
#<..............
########..#####
### #..#
.....##.@#####.
#....5......#
#############


You could see Grinder.

Vanquished Creatures
  An ooze (D:1)
  2 worms (D:2)
  3 dart slugs
  3 leopard geckos (D:2)
  2 ball pythons (D:2)
  2 giant cockroaches
  2 goblins (D:2)
  6 hobgoblins
  2 jackals (D:2)
  4 kobolds
  9 bats
  2 frilled lizards (D:1)
  5 rats
43 creatures vanquished.

Notes
Turn   | Place    | Note
-------+----------+-------------------------------------------
     0 | D:1      | Error4North the Hill Orc Fighter began the quest for the
                  | Orb.
     0 | D:1      | Reached XP level 1. HP: 19/19 MP: 1/1
    67 | D:1      | Reached XP level 2. HP: 27/27 MP: 2/2
   429 | D:1      | Reached XP level 3. HP: 32/33 MP: 3/3
  1000 | D:2      | Found a faded altar of an unknown god.
  1162 | D:2      | Reached XP level 4. HP: 40/40 MP: 4/4
  1654 | D:3      | Noticed Grinder
  1663 | D:3      | Paralysed by Grinder for 7 turns
  1678 | D:3      | HP: 2/40 [Grinder (4)]
  1678 | D:3      | Slain by Grinder

Levels and vault maps discovered:
D:1:      shiori_shiawase, layout_basic
D:2:      layout_loops_ring, chequers_ecumenical_altar_twisty, serial_rivers,
          chequers_serial_rivers_small_b, chequers_serial_rivers_micro_b,
          chequers_serial_rivers_large_b, chequers_serial_rivers_room_a,
          minmay_circle_x
D:3:      layout_basic, first_ration, uniq_jessica, uniq_grinder, uniq_natasha

Skill      XL: |  1  2 |
---------------+-------+-----
Axes           | 3 |  3.8
Fighting       | |  3.8
Armour         | |  3.7
Shields        | |  3.9
Spellcasting   | |  0.7

Action                   |  1- 3 |  4- 6 || total
-------------------------+-------+-------++-------
Melee: War axe           |   122 |    25 ||   147
  Eat: Chunk             |     1 |     2 ||     3
Armor: Scale mail        |    63 |    13 ||    76
Dodge: Dodged            |    49 |     6 ||    55
Block: Shield            |    83 |    10 ||    93

Table legend:
 A = Non-vault XP
 B = Vault XP
 C = Vault XP percentage of total XP
 D = Non-vault monster count
 E = Vault monster count
 F = Vault count percentage of total count
                 A         B        C        D         E       F
            +---------+---------+-------+---------+---------+-------
      Total |      83 |      10 |  10.8 |      39 |       4 |   9.3
            +---------+---------+-------+---------+---------+-------
        D:1 |      45 |       0 |   0.0 |      22 |       0 |   0.0
        D:2 |      38 |      10 |  20.8 |      17 |       4 |  19.0
            +---------+---------+-------+---------+---------+-------
